 Dungeon Crawl Stone Soup version 0.29.1-1-gd02db6906a (webtiles) character file.

Game seed: 6586827298414425350

2715 Demigod47 the Basher (level 9, -6/75 HPs)
             Began as a Minotaur Fighter on Oct 10, 2022.
             Was a Priest of Okawaru.
             Killed from afar by an electric eel (9 damage)
             ... with a bolt of electricity
             ... on level 8 of the Dungeon.
             The game lasted 00:13:06 (7770 turns).

Demigod47 the Basher (Minotaur Fighter)             Turns: 7770, Time: 00:13:08

Health: -6/75      AC:  9    Str: 30    XL:     9   Next: 39%
Magic:  8/8        EV: 26    Int:  4    God:    Okawaru [***...]
Gold:   208        SH:  5    Dex: 14    Spells: 8/8 levels left

rFire   . . .      SeeInvis .   a - +0 flail
rCold   . . .      Faith    .   c - +0 buckler
rNeg    . . .      Spirit   .   b - +0 scale mail
rPois   +          Reflect  .   (helmet restricted)
rElec   .          Harm     .   r - +0 cloak
rCorr   .          Rampage  .   (no gloves)
Will    .....      Clarity  +   (no boots)
Stlth   ..........              h - amulet of the acrobat
HPRegen 0.22/turn               d - ring of poison resistance
MPRegen 0.11/turn               e - +6 ring of dexterity

@: acrobatic
A: horns 2, retaliatory headbutt, clarity, strong 1
a: Renounce Religion, Heroism


You were on level 8 of the Dungeon.
You worshipped Okawaru.
Okawaru was most pleased with you.
You visited 2 branches of the dungeon, and saw 9 of its levels.

You collected 316 gold pieces.
You spent 108 gold pieces at shops.

Inventory:

Hand Weapons
 a - a +0 flail (weapon)
Armour
 b - a +0 scale mail (worn)
 c - a +0 buckler (worn)
 r - a +0 cloak (worn)
Jewellery
 d - a ring of poison resistance (left hand)
 e - a +6 ring of dexterity (right hand)
 g - a ring of protection from fire
 h - an amulet of the acrobat (around neck)
 x - a ring of resist corrosion
Wands
 q - a wand of iceblast (24)
 v - a wand of charming (17)
 w - a wand of quicksilver (6)
Scrolls
 f - 3 scrolls of magic mapping
 j - 4 scrolls of enchant weapon
 k - 4 scrolls of teleportation
 l - 2 scrolls of poison
 m - 2 scrolls of amnesia
 n - 4 scrolls of fog
 o - 3 scrolls of vulnerability
 u - a scroll of summoning {unknown}
Potions
 i - a potion of haste
 p - a potion of might
 s - a potion of curing


   Skills:
 + Level 6.3 Fighting
 + Level 10.3 Maces & Flails
 + Level 9.1 Armour
 + Level 4.0 Dodging
 + Level 1.2 Stealth
 + Level 5.3 Shields


You had 8 spell levels left.
You didn't know any spells.
Your spell library contained the following spells:

 Spells                   Type           Power      Damage    Failure   Level
 Beastly Appendage        Tmut           0%         N/A       80%         1
 Wereblood                Tmut           0%         N/A       90%         2
 Spider Form              Tmut/Pois      0%         N/A       99%         3
 Blade Hands              Tmut           0%         N/A       100%        5
 Iron Shot                Conj/Erth      0%         9d1       100%        6
 Animate Armour           Summ/Erth      Unusable   N/A       N/A         4

Dungeon Overview and Level Annotations

Branches:
Dungeon (8/15)             Temple (1/1) D:4
   Lair: D:8-11

Altars:
Cheibriados
Hepliaklqana
Okawaru
Uskayaw
Wu Jian
Zin

Shops:
D:4 (   D:5 *   D:6 *


Innate Abilities, Weirdness & Mutations

You have a pair of horns on your head.
You reflexively headbutt those who attack you in melee.
You possess an exceptional clarity of mind.
Your muscles are strong. (Str +4, Int/Dex -1)


Message History

A bullfrog comes into view.
The electric eel shoots out a bolt of lightning at you!
The bolt of electricity hits you!
A hound comes into view.
A wolf comes into view.
The electric eel shoots out a bolt of lightning at you!
The bolt of electricity hits you. x2
The electric eel shoots out a bolt of lightning at you!
The bolt of electricity hits you!
The electric eel shoots out a bolt of lightning at you!
The bolt of electricity hits you!
* * * LOW HITPOINT WARNING * * *
The bolt of electricity hits you!
* * * LOW HITPOINT WARNING * * *
You hear a bark!
You feel much better.
A hound comes into view.
The electric eel shoots out a bolt of lightning at you!
The bolt of electricity hits you!
* * * LOW HITPOINT WARNING * * *
The bullfrog attacks as you move away! The bullfrog closely misses you.
You block the bullfrog's attack. The bullfrog barely misses you.
The bullfrog attacks as you move away! The bullfrog closely misses you.
The electric eel shoots out a bolt of lightning at you!
The bolt of electricity hits you!
* * * LOW HITPOINT WARNING * * *
The bullfrog misses you. The bullfrog attacks as you move away!
The bullfrog completely misses you. You furiously retaliate!
You headbutt the bullfrog, but do no damage.
The wolf attacks as you move away! The wolf barely misses you.
An acid dragon comes into view.
A necrophage comes into view.
Found a copper wand.
The acid dragon roars!
You block the bullfrog's attack.
The electric eel shoots out a bolt of lightning at you!
The bolt of electricity hits you!
You die...

........###.....#.#
.........#.....#.###.#..
n............#.#.....#.#
........##.......#.....#
.....>..####.#####.###.#
........####.....#.# #.#
.............###.#.# #.#
.............# ..# #.#
.......@h....# ### #.#
....#...F....## #.#
/.......h.....# #.#
##.#.###.###..#
#......h# #.#
~~≈SS~..........#
~≈≈D~~~?.....~..#
~≈≈≈≈≈≈~~..S~~...
≈≈≈≈≈≈≈≈≈h~.~....


You could see an acid dragon, a necrophage, 2 wolves, a bullfrog, a hound and 3
electric eels.

Vanquished Creatures
  Pikel (D:4)
  Duvessa (D:4)
  An ice beast (D:6)
  An orc warrior (D:7)
  A sky beast (D:7)
  An ogre (D:3)
  5 black bears
  A centaur (D:7)
  2 phantoms
  3 bullfrogs
  A scorpion (D:5)
  2 necrophages
  Dowan (D:4)
  3 howler monkeys (D:7)
  2 orc priests (D:7)
  4 jellies
  A hound (D:5)
  Crazy Yiuf (D:3)
  3 iguanas
  4 orc wizards
  Robin (D:3)
  4 gnolls (D:5)
  4 adders
  3 worms
  A dart slug (D:2)
  18 orcs
  11 ball pythons
  4 bats
  9 endoplasms
  A giant cockroach (D:2)
  9 goblins
  11 hobgoblins
  6 kobolds
  A quokka (D:2)
  2 frilled lizards
  2 rats
126 creatures vanquished.

Notes
Turn   | Place    | Note
-------+----------+-------------------------------------------
     0 | D:1      | Demigod47 the Minotaur Fighter began the quest for the Orb.
     0 | D:1      | Reached XP level 1. HP: 19/19 MP: 0/0
    68 | D:1      | Found a faded altar of an unknown god.
   255 | D:1      | Reached XP level 2. HP: 27/27 MP: 1/1
  1121 | D:2      | Reached XP level 3. HP: 26/33 MP: 2/2
  1126 | D:2      | Reached skill level 3 in Maces & Flails
  1405 | D:2      | Identified the +4 flail of Hacking and Slashing {chaos,
                  | Dex+3}
  1983 | D:3      | Reached XP level 4. HP: 37/40 MP: 3/3
  2112 | D:3      | Found a runed translucent door.
  2113 | D:3      | Noticed Crazy Yiuf
  2361 | D:3      | Reached skill level 4 in Maces & Flails
  2399 | D:3      | Noticed Robin
  2414 | D:3      | Killed Robin
  2456 | D:3      | Found a hazy altar of Hepliaklqana.
  2458 | D:3      | Found a glowing silver altar of Zin.
  2735 | D:3      | Noticed an ogre
  2740 | D:3      | Killed an ogre
  2741 | D:3      | Reached skill level 1 in Dodging
  2741 | D:3      | Reached XP level 5. HP: 11/47 MP: 4/4
  3110 | D:3      | Killed Crazy Yiuf
  3111 | D:3      | Reached skill level 5 in Maces & Flails
  3111 | D:3      | Reached skill level 5 in Armour
  3353 | D:4      | Found Leqextoo's Weapon Emporium.
  3393 | D:4      | Found a staircase to the Ecumenical Temple.
  3404 | D:4      | Identified the +0 leather armour of a Billion Beasts
                  | {Str+3}
  3421 | Temple   | Entered the Ecumenical Temple
  3452 | Temple   | Became a worshipper of Warmaster Okawaru
  3723 | D:4      | Noticed Duvessa
  3725 | D:4      | Noticed Dowan
  3738 | D:4      | Killed Duvessa
  3739 | D:4      | Reached XP level 6. HP: 15/53 MP: 5/5
  3752 | D:4      | Killed Dowan
  4090 | D:4      | Noticed Pikel
  4108 | D:4      | Killed Pikel
  4108 | D:4      | Reached * piety under Okawaru
  4109 | D:4      | Reached skill level 5 in Fighting
  4109 | D:4      | Reached skill level 6 in Maces & Flails
  4109 | D:4      | Reached XP level 7. HP: 47/61 MP: 6/6
  4369 | D:4      | Gained mutation: You possess an exceptional clarity of
                  | mind. [potion of mutation]
  4369 | D:4      | Gained mutation: Your muscles are strong. (Str +4, Int/Dex
                  | -1) [potion of mutation]
  4388 | D:5      | Entered Level 5 of the Dungeon
  4405 | D:5      | Reached skill level 7 in Maces & Flails
  4446 | D:5      | Reached XP level 8. HP: 64/68 MP: 7/7
  4566 | D:5      | Found Mafezage's Serpentskin Sales.
  5075 | D:5      | Reached ** piety under Okawaru
  5281 | D:5      | Reached skill level 8 in Maces & Flails
  5497 | D:6      | Reached skill level 1 in Stealth
  5865 | D:6      | Found Olirerui's Assorted Antiques.
  5873 | D:6      | Bought a scroll labelled ITUURIEPRI for 27 gold pieces
  5873 | D:6      | Bought a scroll labelled DULIOPN UNIEBB for 27 gold pieces
  5873 | D:6      | Bought a scroll of identify for 54 gold pieces
  6006 | D:6      | Reached skill level 5 in Shields
  6599 | D:7      | Reached skill level 9 in Maces & Flails
  6626 | D:7      | Reached *** piety under Okawaru
  6627 | D:7      | Reached XP level 9. HP: 55/75 MP: 8/8
  7063 | D:7      | Reached skill level 10 in Maces & Flails
  7283 | D:7      | Found a hide-covered altar of Uskayaw.
  7283 | D:7      | Noticed a +0 spear
  7283 | D:7      | Noticed a +0 falchion
  7284 | D:7      | Noticed a +0 short sword
  7284 | D:7      | Noticed a +0 dagger
  7284 | D:7      | Noticed a +0 falchion
  7285 | D:7      | Noticed a +0 spear
  7285 | D:7      | Noticed a +0 dagger
  7285 | D:7      | Noticed a +0 short sword
  7764 | D:8      | HP: 3/75 [electric eel/bolt of electricity (9)]
  7770 | D:8      | Killed from afar by an electric eel

Illustrated notes

Levels and vault maps discovered:
D:1:      dpeg_arrival_round_a, layout_basic, ebering_ecumenical_altar_mist,
          minmay_misc_feat_room
D:2:      layout_loops_ring
D:3:      layout_basic, chequers_temple_overflow_statue_of_worship,
          uniq_crazy_yiuf_cottage, uniq_robin
D:4:      layout_rooms, minmay_temple_entry_butterflies, serial_shops, shop,
          uniq_duvessa, uniq_pikel
D:5:      layout_basic, minmay_misc_feat_pillars, minmay_misc_feat_iff,
          guppyfry_shop_venom
D:6:      layout_basic, serial_shops, kennysheep_mini
D:7:      layout_loops_ring, nicolae_uskayaw_en_pointe,
          chequers_ossuary_entry_cave
D:8:      layout_basic, erik_lair_island, serial_shops, nicolae_stop_n_shop_1,
          nicolae_concentric_dashed_squares_wild
Temple:   mainiacjoe_temple_bowtie_tessellation

Skill      XL: |  1  2  3  4  5  6  7  8  9 |
---------------+----------------------------+-----
Fighting       | 4 5 6 |  6.3
Armour         | 4 5 7 8 9 |  9.1
Maces & Flails | 3 4 5 6 7 9 10 | 10.3
Dodging        | 1 2 3 4 |  4.0
Shields        | 4 5 |  5.3
Stealth        | 1 |  1.2

Action                   |  1- 3 |  4- 6 |  7- 9 || total
-------------------------+-------+-------+-------++-------
Melee: Flail             |    84 |    79 |   144 ||   307
       Headbutt          |    10 |    13 |    41 ||    64
Invok: Heroism           |       |       |     1 ||     1
  Use: Potion            |       |     5 |     7 ||    12
       Scroll            |       |     3 |     4 ||     7
Armor: Scale mail        |    52 |    23 |    53 ||   128
       Skin              |       |       |    28 ||    28
Dodge: Dodged            |    42 |    34 |   110 ||   186
Block: Buckler           |    21 |    10 |    40 ||    71
